 Dungeon Crawl Stone Soup version 0.31.0-11-ge490571c62 (webtiles) character file.

Game seed: 153407155494166674

643 qw the Ducker (level 7, -6/35 HPs)
             Began as a Spriggan Hunter on Feb 4, 2024.
             Engulfed by a steam dragon's steam (11 damage)
             ... on level 5 of the Dungeon.
             The game lasted 00:00:50 (3775 turns).

qw the Ducker (Spriggan Hunter)                     Turns: 3775, Time: 00:00:51

Health: -6/35      AC:  2    Str:  7    XL:     7   Next: 26%
Magic:  8/8        EV: 22    Int: 10    God:
Gold:   202        SH:  0    Dex: 21    Spells: 6/6 levels left

rFire   . . .        a - +1 shortbow
rCold   . . .        (shield currently unavailable)
rNeg    . . .        c - +0 robe
rPois   .            (helmet restricted)
rElec   .            (no cloak)
rCorr   .            (gloves unavailable)
SInv    +            (boots unavailable)
Will    +....        i - amulet of the acrobat
Stlth   ++           (no ring)
HPRegen 0.25/turn    (no ring)
MPRegen 0.11/turn

%: acrobat
@: very quick
A: very small, no large weapons, unfitting armour, see invisible, speed 3
a: no special abilities


You were on level 5 of the Dungeon.
You visited 1 branch of the dungeon, and saw 5 of its levels.

You collected 202 gold pieces.


Innate Abilities, Weirdness & Mutations

You are very small and have problems with some larger weapons.
You are too small for most types of armour.
You have supernaturally acute eyesight. (SInv)
You cover ground extremely quickly. (Speed+++)


   Skills:
 - Level 2.2 Fighting
 + Level 7.0 Ranged Weapons
 - Level 7.1 Dodging
 - Level 1.5 Stealth


You had 6 spell levels left.
You didn't know any spells.
Your spell library was empty.

Inventory:

Hand Weapons
 a - a +1 shortbow (weapon)
Armour
 c - a +0 robe (worn)
Jewellery
 i - an amulet of the acrobat (around neck)
Scrolls
 f - a scroll of blinking {unknown}
Potions
 b - a potion of enlightenment {unknown}
 d - a potion of might
 g - a potion of curing

Dungeon Overview and Level Annotations

Branches:
Dungeon (5/15)
 Temple: D:4-7

Altars:
Dithmenos

Shops:
D:3 (


Message History

Enter note:
Found an escape hatch in the floor.
A steam dragon comes into view.
You shoot an arrow.
The arrow hits the steam dragon but does no damage.
A howler monkey comes into view.
You shoot an arrow. The arrow hits the steam dragon.
The steam dragon is lightly wounded.
You shoot an arrow.
The arrow hits the steam dragon but does no damage.
The steam dragon is lightly wounded.
You shoot an arrow. The arrow hits the steam dragon!
The steam dragon is heavily wounded.
The steam dragon breathes steam at you. The ball of steam hits you!!
Ouch! That really hurt!
3770 ||| FLEEEEING.
You are engulfed in a cloud of scalding steam.
3771 ||| DRINKING potion of heal wounds.
You feel much better.
You are engulfed in a cloud of scalding steam.
The howler monkey hoots and howls with incredible vigour!
You shoot an arrow.
The arrow barely misses the steam dragon.
You are engulfed in a cloud of scalding steam.
You shoot an arrow. The arrow hits the steam dragon.
The steam dragon is heavily wounded.
You are engulfed in a cloud of scalding steam.
The howler monkey is engulfed in a cloud of scalding steam.
You shoot an arrow. The arrow hits the steam dragon!
The steam dragon is severely wounded.
You are engulfed in a cloud of scalding steam.
The howler monkey is engulfed in a cloud of scalding steam.
The howler monkey hoots and howls with incredible vigour!
The steam dragon breathes steam at you. The ball of steam misses you.
You shoot an arrow. The arrow hits the steam dragon.
The steam dragon is almost dead.
You are engulfed in a cloud of scalding steam.
You die...

##..## ## ###.# ##.
#.# ## ##.. ##.
...###... #. ......>.#
##. ........# ### ##..
.......h##
###.#####..#
#...D@#####..........#
##.........####......#
#........## ##......
#.......## #......
#......## #..####
##..#....# #..#
#..##....# #..##
#..#.....## #...###
#.........## #......


You could see a steam dragon and a howler monkey (catching breath).

Vanquished Creatures
  A phantom (D:4)
  2 scorpions
  2 howler monkeys
  2 hounds (D:5)
  A jelly (D:5)
  A sleepcap (D:5)
  An iguana (D:4)
  2 orc wizards (D:4)
  3 adders
  7 gnolls
  3 dart slugs
  2 ribbon worms (D:2)
  13 orcs
  3 ball pythons
  8 bats
  6 endoplasms
  3 giant cockroaches
  5 goblins
  3 hobgoblins
  4 kobolds
  3 quokkas
  2 frilled lizards
  3 rats
80 creatures vanquished.

Notes
Turn   | Place    | Note
-------+----------+-------------------------------------------
     0 | D:1      | qw the Spriggan Hunter began the quest for the Orb.
     0 | D:1      | Reached XP level 1. HP: 10/10 MP: 2/2
     0 | D:1      | 0 ||| qw: Version: 0.3-a-160-g6735b56
     0 | D:1      | 0 ||| qw: Game counter: 5664
     0 | D:1      | 0 ||| qw: Melee chars always use a shield: true
     0 | D:1      | 0 ||| qw: God list: Okawaru
     0 | D:1      | 0 ||| qw: Allow faded altars: false
     0 | D:1      | 0 ||| qw: Do Orc after clearing Dungeon:15 true
     0 | D:1      | 0 ||| qw: Do second Lair branch before Depths: true
     0 | D:1      | 0 ||| qw: Lair rune preference: random
     0 | D:1      | 0 ||| qw: Goals: Normal
     0 | D:1      | 0 ||| PLANNING D:1-11
    45 | D:1      | Reached skill level 3 in Dodging
    95 | D:1      | Reached XP level 2. HP: 14/14 MP: 3/3
   350 | D:1      | 350 ||| READING 3 scrolls labelled FANUTO ZYWUAR.
   350 | D:1      | 350 ||| IDENTIFYING 2 amethyst potions
   351 | D:1      | 351 ||| READING 2 scrolls of identify.
   351 | D:1      | 351 ||| IDENTIFYING 3 grey potions
   352 | D:1      | 352 ||| READING scroll of identify.
   352 | D:1      | 352 ||| IDENTIFYING scroll labelled SIDUKUNKYA
   353 | D:1      | 353 ||| READING scroll labelled OWKUJURAMA.
   353 | D:1      | 353 ||| ENCHANTING +0 shortbow.
   354 | D:1      | 354 ||| DROPPING scroll of butterflies.
   355 | D:1      | 355 ||| DROPPING scroll of amnesia.
   580 | D:2      | 580 ||| RETREEEEATING.
   582 | D:2      | Reached XP level 3. HP: 9/18 MP: 4/4
   584 | D:2      | 584 ||| FLEEEEING.
   585 | D:2      | 585 ||| FLEEEEING.
   588 | D:2      | 588 ||| FLEEEEING.
   589 | D:2      | 589 ||| FLEEEEING.
   591 | D:2      | 591 ||| FLEEEEING.
   592 | D:2      | 592 ||| FLEEEEING.
   593 | D:2      | 593 ||| FLEEEEING.
   594 | D:2      | 594 ||| FLEEEEING.
   595 | D:2      | 595 ||| FLEEEEING.
   596 | D:2      | 596 ||| FLEEEEING.
   597 | D:2      | 597 ||| FLEEEEING.
   598 | D:2      | 598 ||| FLEEEEING.
   599 | D:2      | 599 ||| FLEEEEING.
   600 | D:2      | 600 ||| FLEEEEING.
   601 | D:2      | 601 ||| FLEEEEING.
   602 | D:2      | 602 ||| FLEEEEING.
   603 | D:2      | 603 ||| FLEEEEING.
   605 | D:2      | 605 ||| FLEEEEING.
   608 | D:2      | 608 ||| FLEEEEING.
   609 | D:2      | 609 ||| FLEEEEING.
   610 | D:2      | 610 ||| FLEEEEING.
   611 | D:2      | 611 ||| FLEEEEING.
   612 | D:2      | 612 ||| FLEEEEING.
   613 | D:2      | 613 ||| FLEEEEING.
   614 | D:2      | 614 ||| FLEEEEING.
   616 | D:2      | 616 ||| FLEEEEING.
   617 | D:2      | 617 ||| FLEEEEING.
   623 | D:2      | 623 ||| FLEEEEING.
   901 | D:2      | Reached XP level 4. HP: 22/22 MP: 5/5
  1201 | D:2      | 1201 ||| READING 2 scrolls of identify.
  1201 | D:2      | 1201 ||| IDENTIFYING lumpy orange potion
  1202 | D:2      | 1202 ||| READING scroll of identify.
  1202 | D:2      | 1202 ||| IDENTIFYING smoky black potion
  1203 | D:2      | 1203 ||| READING scroll labelled PUIQYEZIRR.
  1204 | D:2      | 1204 ||| DROPPING potion of berserk rage.
  1206 | D:2      | 1206 ||| Stepping ~*~*~tactically~*~*~ (cloud).
  1207 | D:2      | 1207 ||| DRINKING 3 potions of curing.
  1207 | D:2      | 1207 ||| (to cure poison)
  1282 | D:3      | Found Wesseky's Weapon Boutique.
  2235 | D:3      | 2235 ||| UPGRADING to amulet of the acrobat.
  2240 | D:3      | 2240 ||| READING 3 scrolls of identify.
  2240 | D:3      | 2240 ||| IDENTIFYING emerald potion
  2241 | D:3      | 2241 ||| READING 2 scrolls of identify.
  2241 | D:3      | 2241 ||| IDENTIFYING dark potion
  2242 | D:3      | 2242 ||| DROPPING potion of degeneration.
  2243 | D:3      | 2243 ||| DROPPING potion of brilliance.
  2314 | D:4      | Noticed a phantom
  2326 | D:4      | HP: 5/22 [phantom (4)]
  2327 | D:4      | 2327 ||| DRINKING 2 potions of heal wounds.
  2331 | D:4      | Killed a phantom
  2332 | D:4      | Reached skill level 6 in Dodging
  2332 | D:4      | Reached XP level 5. HP: 25/25 MP: 6/6
  2357 | D:4      | Found a shadowy altar of Dithmenos.
  2493 | D:4      | Reached XP level 6. HP: 18/30 MP: 7/7
  2651 | D:4      | Reached skill level 6 in Ranged Weapons
  2668 | D:4      | 2668 ||| FLEEEEING.
  2669 | D:4      | 2669 ||| FLEEEEING.
  2670 | D:4      | 2670 ||| FLEEEEING.
  2671 | D:4      | 2671 ||| FLEEEEING.
  2672 | D:4      | 2672 ||| FLEEEEING.
  2673 | D:4      | 2673 ||| FLEEEEING.
  2674 | D:4      | 2674 ||| FLEEEEING.
  2682 | D:4      | 2682 ||| DRINKING 2 potions of curing.
  2682 | D:4      | 2682 ||| (to cure confusion)
  3010 | D:4      | 3010 ||| READING scroll of identify.
  3010 | D:4      | 3010 ||| IDENTIFYING scroll labelled YJIJEX QICU
  3011 | D:4      | 3011 ||| DROPPING scroll of fog.
  3104 | D:5      | Entered Level 5 of the Dungeon
  3372 | D:5      | HP: 7/30 [poisoned by a scorpion]
  3479 | D:5      | Reached XP level 7. HP: 35/35 MP: 8/8
  3765 | D:5      | Noticed a steam dragon
  3770 | D:5      | 3770 ||| FLEEEEING.
  3770 | D:5      | HP: 7/35 [something] (7)]
  3771 | D:5      | 3771 ||| DRINKING potion of heal wounds.
  3775 | D:5      | Engulfed by a steam dragon's steam

Levels and vault maps discovered:
D:1:      dreamdust_arrival_beginning_and_end, layout_rooms
D:2:      layout_loops_ring, grunt_ministairs_12, minivault_4
D:3:      layout_basic, serial_shops, shop_fountains
D:4:      layout_rooms, mainiacjoe_overflow_alcove_2, hangedman_feature_mirror,
          minmay_statues_item, grunt_ministairs_8
D:5:      layout_layer_cave, chequers_decorated_corner

Skill      XL: |  1  2  3  4  5  6  7 |
---------------+----------------------+-----
Dodging        | 3 4 6 7 |  7.1
Ranged Weapons | 5 7 |  7.0
Fighting       | 2 |  2.2
Stealth        | |  1.5

Action                     |  1- 3 |  4- 6 |  7- 9 || total
---------------------------+-------+-------+-------++-------
   Fire: Shortbow          |    83 |   176 |    38 ||   297
    Use: Scroll            |     4 |     6 |       ||    10
         Potion            |       |     3 |     1 ||     4
 Armour: Robe              |     5 |    28 |     9 ||    42
  Dodge: Dodged            |    26 |    61 |    13 ||   100

Table legend:
 A = Non-vault XP
 B = Vault XP
 C = Vault XP percentage of total XP
 D = Non-vault monster count
 E = Vault monster count
 F = Vault count percentage of total count
                 A         B        C        D         E       F
            +---------+---------+-------+---------+---------+-------
      Total |     912 |       7 |   0.8 |      76 |       4 |   5.0
            +---------+---------+-------+---------+---------+-------
        D:1 |      25 |       0 |   0.0 |      15 |       0 |   0.0
        D:2 |      92 |       3 |   3.2 |      19 |       2 |   9.5
        D:3 |      13 |       0 |   0.0 |       7 |       0 |   0.0
        D:4 |     462 |       4 |   0.9 |      26 |       2 |   7.1
        D:5 |     320 |       0 |   0.0 |       9 |       0 |   0.0
            +---------+---------+-------+---------+---------+-------
